 Dungeon Crawl Stone Soup version 0.29.1-13-g9f3cf754e1 (webtiles) character file.

Game seed: 14439419283209538662

167 Thatpatchoflichen the Ducker (level 5, -6/42 HPs)
             Began as a Human Gladiator on Feb 6, 2023.
             Was an Initiate of Ashenzari.
             Shot with an arrow by a centaur (8 damage)
             ... on level 4 of the Dungeon.
             The game lasted 00:09:13 (3000 turns).

Thatpatchoflichen the Ducker (Human Gladiator)      Turns: 3000, Time: 00:09:14

Health: -6/42      AC:  7    Str: 14    XL:     5   Next: 76%
Magic:  5/5        EV: 12    Int:  9    God:    Ashenzari [......]
Gold:   150        SH:  0    Dex: 16    Spells: 4/4 levels left

rFire   . . .      SeeInvis .   a - +0 long sword
rCold   . . .      Faith    .   (no shield)
rNeg    . . .      Spirit   .   q - +0 ring mail
rPois   .          Reflect  .   c - +0 helmet
rElec   .          Harm     .   (no cloak)
rCorr   .          Rampage  .   f - +0 pair of gloves
Will    .....                   (no boots)
Stlth   +.........              k - amulet of regeneration
HPRegen 0.94/turn               (no ring)
MPRegen 0.09/turn               (no ring)

@: no status effects
A: no striking features
a: Renounce Religion


You were on level 4 of the Dungeon.
You worshipped Ashenzari.
Ashenzari was noncommittal.
You visited 1 branch of the dungeon, and saw 4 of its levels.

You collected 150 gold pieces.

Inventory:

Hand Weapons
 a - a +0 long sword (weapon)
Missiles
 d - 3 throwing nets (quivered)
 e - a javelin
Armour
 b - a +0 leather armour
 c - a +0 helmet (worn)
 f - a +0 pair of gloves (worn)
 q - a +0 ring mail (worn)
 x - a +0 chain mail
Jewellery
 h - an amulet of reflection
 k - an amulet of regeneration (around neck)
 n - an amulet of magic regeneration
Scrolls
 g - 3 scrolls of noise {unknown}
 i - a scroll of vulnerability {unknown}
 j - a scroll of amnesia {unknown}
 m - 3 scrolls of enchant weapon {unknown}
 o - 6 scrolls of identify {unknown}
 r - a scroll of magic mapping {unknown}
 t - a scroll of blinking {unknown}
 w - a scroll of poison {unknown}
Potions
 l - a potion of might {unknown}
 p - 2 potions of resistance {unknown}
 s - a potion of curing {unknown}
 u - a potion of heal wounds {unknown}
 v - a potion of brilliance {unknown}


   Skills:
 + Level 4.0 Fighting
 - Level 4.0 Long Blades
 - Level 2.0 Throwing
 - Level 4.0 Dodging


You had 4 spell levels left.
You didn't know any spells.
Your spell library contained the following spells:

 Spells                   Type           Power      Damage    Failure   Level
 Gell's Gravitas          Tloc           0%         N/A       94%         3
 Lesser Beckoning         Tloc           0%         N/A       94%         3
 Summon Guardian Golem    Hex/Summ       0%         N/A       94%         3
 Teleport Other           Tloc           0%         N/A       94%         3
 Dispersal                Tloc           0%         N/A       100%        6
 Orb of Destruction       Conj           0%         9d5       100%        7
 Spellforged Servitor     Conj/Summ      0%         N/A       100%        7


Dungeon Overview and Level Annotations

Branches:
Dungeon (4/15)
 Temple: D:4-7

Altars:
Ashenzari
Trog

Shops:
D:3 *


Message History

You climb downwards.
There is a stone staircase leading up here.
You climb upwards.
There is a stone staircase leading down here.
Items here: )) [ †.
You now have 150 gold pieces (gained 13).
There is a stone staircase leading up here.
The moth of wrath's fur bristles in rage as it notices you.
A moth of wrath is nearby!
A moth of wrath is nearby!
You can't go down here!
You see here a +0 club.
There is a stone staircase leading up here.
You see here a +0 dagger.
There is an escape hatch in the floor here.
There is a stone staircase leading down here.
You climb downwards.
The ball python hisses angrily.
There is a stone staircase leading up here.
A ball python is nearby!
A centaur comes into view.
The centaur shouts!
The centaur wields a +0 shortbow.
The centaur shoots an arrow.
The arrow hits you.
Found 12 gold pieces.
You closely miss the ball python.
The centaur shoots an arrow.
The arrow hits you!
The centaur shoots an arrow.
The arrow hits you. The ball python closely misses you. x2
The ball python closely misses you. The ball python grabs you.
The ball python constricts you.
You escape the ball python's grasp.
The ball python attacks as you move away!
The ball python barely misses you.
The centaur shoots an arrow.
The arrow hits you!
The centaur shoots an arrow.
The arrow hits you!
* * * LOW HITPOINT WARNING * * *
The centaur shoots an arrow.
The arrow hits you!
* * * LOW HITPOINT WARNING * * *
The ball python misses you. The ball python closely misses you.
The centaur shoots an arrow.
The arrow hits you!
You die...

######. ..###
....... .. ...
...... $. .###
#.... ... ..
#... .#. .# #..#
# ##..#
##.####...#
......#.@.#
..........#
###....S..##.#.
..............$.
###..##.####+###
..... #c# ###.
#.# #. ..# ..#


You could see a centaur and a ball python.

Vanquished Creatures
  Terence (D:2)
  4 gnolls
  2 adders
  2 worms (D:3)
  2 dart slugs
  7 orcs
  6 bats
  6 endoplasms
  A giant cockroach (D:3)
  7 hobgoblins
  2 jackals (D:1)
  4 quokkas
  5 ball pythons
  3 frilled lizards
  3 goblins (D:1)
  4 kobolds
  6 rats
65 creatures vanquished.

Notes
Turn   | Place    | Note
-------+----------+-------------------------------------------
     0 | D:1      | Thatpatchoflichen the Human Gladiator began the quest for
                  | the Orb.
     0 | D:1      | Reached XP level 1. HP: 16/16 MP: 1/1
    83 | D:1      | Reached XP level 2. HP: 22/22 MP: 2/2
   569 | D:1      | Reached XP level 3. HP: 27/28 MP: 3/3
   978 | D:1      | Reached XP level 4. HP: 25/34 MP: 4/4
  1154 | D:2      | Noticed Terence
  1362 | D:2      | Killed Terence
  1363 | D:2      | Reached XP level 5. HP: 16/41 MP: 5/5
  2071 | D:3      | Found Ylage's General Store.
  2226 | D:3      | Found a broken altar of Ashenzari.
  2250 | D:3      | Became a worshipper of Ashenzari the Shackled
  2455 | D:3      | Found a faded altar of an unknown god.
  2584 | D:3      | Noticed a moth of wrath
  2587 | D:3      | Found a bloodstained altar of Trog.
  2994 | D:4      | Noticed a centaur
  2999 | D:4      | HP: 1/42 [centaur/arrow (8)]
  3000 | D:4      | Shot with an arrow by a centaur

Illustrated notes

Levels and vault maps discovered:
D:1:      grunt_arrival_crossed_arrows, layout_basic, grunt_decor_mini_mirrors,
          due_unseen_surprise
D:2:      layout_basic, nrook_campfire, minmay_misc_feat_rows, uniq_terence
D:3:      layout_loops_ring, nicolae_overflow_crystal_walls, tgw_trog,
          basic_ecumenical_altar, serial_shops, shop
D:4:      layout_basic, minmay_pentangle, uniq_sigmund

Skill      XL: |  1  2  3  4  5 |
---------------+----------------+-----
Fighting       | 3 4 |  4.0
Dodging        | 4 |  4.0
Long Blades    | 4 |  4.0
Throwing       | |  2.0

Action                   |  1- 3 |  4- 6 || total
-------------------------+-------+-------++-------
Melee: Long sword        |    61 |   134 ||   195
       Punch             |       |     1 ||     1
 Stab: Sleeping          |       |     1 ||     1
Armor: Leather armour    |    17 |    23 ||    40
       Ring mail         |       |    31 ||    31
Dodge: Dodged            |    48 |   131 ||   179
Block: Other             |    11 |       ||    11
